 Dungeon Crawl Stone Soup version 0.30.1-11-g7821555f0a (webtiles) character file.

Game seed: 14136531572657370333

129 GimliDwarf the Conjurer (level 5, -2/28 HPs)
             Began as a Tengu Conjurer on Jan 3, 2024.
             Killed from afar by an orc wizard (4 damage)
             ... with a puff of flame
             ... on level 3 of the Dungeon.
             The game lasted 00:04:28 (1905 turns).

GimliDwarf the Conjurer (Tengu Conjurer)            Turns: 1905, Time: 00:04:29

Health: -2/28      AC:  2    Str:  7    XL:     5   Next: 12%
Magic:  1/9        EV: 14    Int: 20    God:
Gold:   111        SH:  0    Dex: 13    Spells: 6/9 levels left

rFire   . . .        i - +7 short sword of Goiggis {flame, rPois}
rCold   . . .        (no shield)
rNeg    . . .        a - +0 robe
rPois   +            (helmet restricted)
rElec   .            (no cloak)
rCorr   .            (no gloves)
SInv    .            (boots unavailable)
Will    .....        (no amulet)
Stlth   ++           (no ring)
HPRegen 0.24/turn    (no ring)
MPRegen 0.11/turn

%: no passive effects
@: flying quickly and evasively, quick
A: beak, talons 3, nimble flight
a: no special abilities


You were on level 3 of the Dungeon.
You visited 1 branch of the dungeon, and saw 3 of its levels.

You collected 111 gold pieces.

Inventory:

Hand Weapons
 i - the +7 short sword of Goiggis (weapon) {flame, rPois}
   (You found it on level 2 of the Dungeon)

   rPois:     It protects you from poison.
 k - a +1 rapier of venom
Armour
 a - a +0 robe (worn)
Scrolls
 e - a scroll of acquirement {unknown}
 g - 2 scrolls of immolation {unknown}
 h - a scroll of vulnerability {unknown}
 j - a scroll of noise {unknown}
 l - a scroll of poison {unknown}
 m - a scroll of teleportation {unknown}
Potions
 b - a potion of magic
 f - a potion of flight


   Skills:
 + Level 0.3 Fighting
 * Level 0.6 Short Blades
 * Level 1.0 Armour
 - Level 2.1 Dodging
 - Level 2.0 Stealth
 * Level 2.5 Spellcasting
 * Level 7.5 Conjurations


You had 6 spell levels left.
You knew the following spells:

 Your Spells              Type           Power      Damage    Failure   Level
a - Magic Dart            Conj           100%       1d8       1%          1
b - Searing Ray           Conj           64%        2d6       1%          2

Your spell library contained the following spells:

 Spells                   Type           Power      Damage    Failure   Level
 Dazzling Flash           Conj/Hex       34%        N/A       10%         3
 Fulminant Prism          Conj/Hex       8%         3d7       30%         4
 Iskenderun's Mystic Bla  Conj/Tloc      17%        2d5       30%         4


Dungeon Overview and Level Annotations

Branches:
Dungeon (3/15)

Altars:


Innate Abilities, Weirdness & Mutations

You have a beak for a mouth.
You have claws for feet.
Your magical nature lets you fly swiftly and evasively.


Message History

Aiming: Magic Dart (safe; 1% risk of failure)
Press: ? - help, Q - select action, (/) - cycle Shift-Dir - straight line, f/p - orc
Aim: an orc, wielding a +0 short sword (lightly wounded, ally target, 100% to hit)
The magic dart hits the orc!
You kill the orc!
You hear a shout!
Aiming: Magic Dart (safe; 1% risk of failure)
Press: ? - help, Q - select action, (/) - cycle Shift-Dir - straight line, f - orc
Aim: an orc, wielding a +0 club and wearing a +0 leather armour (ally target, 100% to hit)
The magic dart hits the orc.
The orc is heavily wounded.
The orc hits your ball python with a +0 club.
Your ball python dies!
Your ball python's corpse dissolves into shadows!
Something hits your worm.
Aiming: Magic Dart (safe; 1% risk of failure)
Press: ? - help, Q - select action, (/) - cycle Shift-Dir - straight line, f/p - orc
Aim: an orc, wielding a +0 club and wearing a +0 leather armour (heavily wounded, ally target, 100% to hit)
The magic dart hits the orc.
You kill the orc!
Your worm dissolves into shadows!
There is a stone staircase leading up here.
Casting: Magic Dart (safe; 1% risk of failure)
Confirm with . or Enter, or press ? or * to list all spells.
You don't have enough magic to cast this spell.
Unknown command.
Casting: Magic Dart (safe; 1% risk of failure)
Confirm with . or Enter, or press ? or * to list all spells.
You don't have enough magic to cast this spell.
Unknown command.
You hit something. You burn something. Your kick misses something.
You hear some strange, mumbled words.
A magic dart appears from out of thin air!
The magic dart hits you!
* * * LOW HITPOINT WARNING * * *
You miss something. Your kick misses something.
You hear some strange, mumbled words.
A puff of flame appears from out of thin air!
The puff of flame hits you.
You die...

##########
#........#
#........#
#........#
#........#
#........#
#........#
##.)..@...#
##.....{...#
#...)......#
#..)..######
#....#..#
#.#.##..#
...#.#...#
.. ..#)#.# .
#..#.#


There were no monsters in sight!

Vanquished Creatures
  An orc priest (D:3)
  4 gnolls (D:2)
  2 adders (D:2)
  A dart slug (D:1)
  2 orcs (D:3)
  5 bats
  2 endoplasms (D:1)
  A giant cockroach (D:1)
  A goblin (D:2)
  4 hobgoblins
  2 jackals (D:1)
  A quokka (D:1)
  4 ball pythons (D:1)
  A frilled lizard (D:1)
  5 kobolds
  5 rats
41 creatures vanquished.

Vanquished Creatures (collateral kills)
  An orc (D:3)
1 creature vanquished.

Grand Total: 42 creatures vanquished

Notes
Turn   | Place    | Note
-------+----------+-------------------------------------------
     0 | D:1      | GimliDwarf the Tengu Conjurer began the quest for the Orb.
     0 | D:1      | Reached XP level 1. HP: 10/10 MP: 4/4
   192 | D:1      | Reached XP level 2. HP: 15/15 MP: 3/6
   195 | D:1      | Learned a level 2 spell: Searing Ray
   415 | D:1      | Reached skill level 6 in Conjurations
   842 | D:1      | Reached XP level 3. HP: 19/19 MP: 5/7
  1111 | D:2      | Reached XP level 4. HP: 24/24 MP: 2/8
  1211 | D:2      | Identified the +7 short sword of Goiggis {flame, rPois}
  1252 | D:2      | Reached skill level 7 in Conjurations
  1885 | D:3      | Reached skill level 1 in Armour
  1885 | D:3      | Gained mutation: Your magical nature lets you fly swiftly
                  | and evasively. [Tengu growth]
  1885 | D:3      | Reached XP level 5. HP: 4/28 MP: 3/9
  1905 | D:3      | Killed from afar by an orc wizard

Illustrated notes

Levels and vault maps discovered:
D:1:      minmay_arrival_loop, layout_basic
D:2:      layout_loops_ring
D:3:      minmay_diamond_boxcup, layout_rooms,
          nzn_overflow_gifts_of_might_and_magic, mainiacjoe_overflow_alcove_3

Skill      XL: |  1  2  3  4 |
---------------+-------------+-----
Conjurations   | 6 7 |  7.5
Armour         | 1 |  1.0
Fighting       | |  0.3
Short Blades   | |  0.6
Dodging        | |  2.1
Stealth        | |  2.0
Spellcasting   | |  2.5

Action                     |  1- 3 |  4- 6 || total
---------------------------+-------+-------++-------
  Melee: Rapier            |    11 |     1 ||    12
         Kick              |     1 |       ||     1
         Peck              |     1 |       ||     1
         Short sword       |       |    11 ||    11
   Cast: Magic Dart        |    46 |    14 ||    60
         Searing Ray       |     5 |     3 ||     8
    Use: Scroll            |       |     2 ||     2
 Armour: Robe              |     4 |     2 ||     6
  Dodge: Dodged            |    11 |     4 ||    15
